 Dungeon Sprint DCSS version 0.20.1-1-g8b1a95d (webtiles) character file.

20 Fang the Skirmisher (level 2, -1/30 HPs)
             Began as a Gargoyle Berserker on Oct 22, 2018.
             Was a Believer of Trog.
             Slain by a worker ant (2 damage)
             ... in the Dungeon (Sprint VII: "The Pits").
             The game lasted 00:00:21 (415 turns).

Fang the Skirmisher (Gargoyle Berserker)             Turns: 415, Time: 00:00:21

Health: -1/30      AC:  5    Str: 25    XL:     2   Next: 79%
Magic:  2/2        EV: 12    Int:  7    God:    Trog [**....]
Gold:   0          SH:  0    Dex:  9    Spells: 1/1 levels left

rFire    . . .     SeeInvis .   j - +2 hand axe
rCold    . . .     Gourm    .   (no shield)
rNeg     + . .     Faith    .   b - +0 animal skin
rPois    ∞         Spirit   .   (no helmet)
rElec    +         Reflect  .   (no cloak)
rCorr    .         Harm     .   (no gloves)
MR       .....     NoTele   +   (no boots)
Stlth    ..........             (no amulet)
Regen    0.1/turn               (no ring)
MPRegen  0.1/turn               (no ring)

@: berserking, very quick
A: negative energy resistance 1, electricity resistance, unbreathing,
petrification resistance, rot immunity, AC +2
a: Berserk, Trog's Hand, Burn Spellbooks, Renounce Religion


You were in the Dungeon.
You worshipped Trog.
Trog was pleased with you.
You were not hungry.

You visited 1 branch

Inventory:

Hand Weapons
 j - a +2 hand axe (weapon)
Armour
 b - a +0 animal skin (worn)
Scrolls
 i - a scroll of blinking
 k - 3 scrolls of remove curse
 l - a scroll of summoning
Potions
 a - 2 potions of invisibility
 d - a potion of curing
 e - a potion of heal wounds
 f - a potion of haste
 g - 4 potions of magic
 h - 3 potions of berserk rage
Comestibles
 c - 8 bread rations
 m - 40 fruits
 n - 7 meat rations


   Skills:
 + Level 4.8 Fighting
 + Level 3.9 Axes
 + Level 3.1 Armour
 + Level 2.1 Dodging


You had one spell level left.
You didn't know any spells.

Dungeon Overview and Level Annotations

Branches:
Dungeon (1/1)

Altars:
Cheibriados
Dithmenos
Elyvilon
Fedhas
Gozag
Hepliaklqana
Makhleb
Nemelex Xobeh
Okawaru
Qazlal
Ru
Sif Muna
Trog
Vehumet
Xom
Yredelemnul
Zin
The Shining One
Beogh
Jiyva
Lugonu


Innate Abilities, Weirdness & Mutations

You are resistant to torment.
Your stone body is resilient. (AC +2)
You are immune to poison.
You resist negative energy. (rN+)
You are resistant to electric shocks. (rElec)
You can survive without breathing.
You are immune to petrification.
You are immune to rotting.


Message History

You are too injured to fight recklessly!
You are too injured to fight recklessly!
You are too injured to fight recklessly!
You are too injured to fight recklessly!
You are too injured to fight recklessly!
You are too injured to fight recklessly!
You are too injured to fight recklessly!
You are too injured to fight recklessly!
You are too injured to fight recklessly!
You hit the worker ant but do no damage.
The worker ant is almost dead.
The worker ant bites you.
* * * LOW HITPOINT WARNING * * *
A red film seems to cover your vision as you go berserk!
You feel yourself moving faster!
You feel mighty!
You feel a lot more hungry. The worker ant barely misses you.
You closely miss the worker ant.
The worker ant is almost dead.
The worker ant bites you.
You die...

________.#
_.____...###########++
##########'##...........
#.?(.')))'.##......#..#.
##########.##...........
#...........'...........
#+#####'#####......#..#.
#..†..##...........
#####@#####'#####++
#...)a##.......#
#.....##.......#
###+####.......#
#...<...# #.......#
#.......# #.......#
#########


You could see a worker ant.

Vanquished Creatures
  An adder (D)
  A river rat (D)
  A hobgoblin (D)
  A ball python (D)
4 creatures vanquished.

Notes
Turn   | Place    | Note
-------+----------+-------------------------------------------
     0 | D        | Fang the Gargoyle Berserker began the quest for the Orb.
     0 | D        | Reached XP level 1. HP: 14/14 MP: 1/1
    22 | D        | Reached skill level 4 in Fighting
    22 | D        | Reached XP level 2. HP: 8/20 MP: 2/2
   199 | D        | Found a bloodstained altar of Trog.
   199 | D        | Found a deep blue altar of Sif Muna.
   199 | D        | Found a viscous altar of Jiyva.
   199 | D        | Found a hazy altar of Hepliaklqana.
   199 | D        | Found an opulent altar of Gozag.
   200 | D        | Found a glowing golden altar of the Shining One.
   200 | D        | Found a glowing silver altar of Zin.
   200 | D        | Found a basalt altar of Yredelemnul.
   200 | D        | Found a shimmering altar of Xom.
   200 | D        | Found a sacrificial altar of Ru.
   200 | D        | Found a stormy altar of Qazlal.
   200 | D        | Found an iron altar of Okawaru.
   200 | D        | Found a sparkling altar of Nemelex Xobeh.
   200 | D        | Found a burning altar of Makhleb.
   200 | D        | Found a blossoming altar of Fedhas.
   200 | D        | Found a white marble altar of Elyvilon.
   200 | D        | Found a shadowy altar of Dithmenos.
   200 | D        | Found a snail-covered altar of Cheibriados.
   202 | D        | Found a radiant altar of Vehumet.
   202 | D        | Found a corrupted altar of Lugonu.
   202 | D        | Found a roughly hewn altar of Beogh.
   248 | D        | Reached ** piety under Trog
   413 | D        | HP: 1/20 [worker ant (5)]
   415 | D        | Slain by a worker ant

Skill      XL: |  1  2 |
---------------+-------+-----
Fighting       | 4 |  4.8
Axes           | 3 |  3.9
Dodging        | 2 |  2.1
Armour         | 3 |  3.1

Action                   || total
-------------------------++-------
Melee: Hand axe          ||    30
Invok: Berserk           ||     1
Armor: Animal skin       ||    10
Dodge: Dodged            ||    20
